Map: Blueshift LE

Players

Ladabaz

  • Race: Protoss Protoss
  • League: Grandmaster
  • Spawn Location: 1:00

Harstem - Winner!

  • Race: Protoss Protoss
  • League: Grandmaster
  • Spawn Location: 7:00

VOD

Have the link to the VOD?

Description

Harstem's 8 Stalkers / 7 stalker 1 sentry pressure build

Time

  • Played on: Dec. 7, 2018, 9:17 a.m.
  • Length: 6:32
Show
View Real Time Build Order
Export as new Build Order

Ladabaz Protoss 

Build Orders: Phoenix Opening 

Get SALT Encoding   

  12  0:01  Probe  
  13  0:13  Probe  
  14  0:17  Pylon  
  14  0:23  Probe  
  15  0:31  Probe  
  16  0:38  Gateway  
  16  0:40  Probe  
  16  0:45  Assimilator  
  17  0:51  Probe  
  17  0:54  Assimilator  
  18  0:59  Probe  
  19  1:07  Probe, Gateway  
  20  1:18  Probe  
  20  1:25  Cybernetics Core  
  21  1:31  Probe  
  22  1:36  Pylon  
  22  1:43  Probe, Warp Gate  
  23  1:55  Probe  
  24  2:03  Sentry, Stalker  
  28  2:11  Pylon  
  28  2:29  Stalker  
  30  2:32  Stalker  
  31  2:47  Nexus  
  32  2:52  Phoenix  
  31  3:04  Robotics Facility  
  29  3:07  Probe  
  30  3:17  Pylon  
  30  3:19  Probe  
  31  3:22  Shield Battery  
  31  3:39  Shield Battery  
  31  3:45  Stalker x2  
  36  3:48  Probe  
  36  3:50  Immortal  
  38  4:14  Stalker  
  38  4:16  Stalker  
  38  4:28  Immortal  
  38  4:46  Gateway  
  38  4:49  Sentry x2  
  38  4:51  Pylon  
  42  4:57  Warp Prism  
  42  5:12  Sentry x2  
  48  5:27  Pylon  
  48  5:36  Stalker  
  48  5:37  Stalker  
  48  5:56  Stalker  
  50  6:00  Stalker x2  
Show
View Real Time Build Order
Export as new Build Order

Harstem Protoss - Winner!

Build Orders:  

Get SALT Encoding   

  12  0:01  Probe  
  13  0:13  Probe  
  14  0:18  Pylon  
  14  0:25  Probe  
  15  0:33  Probe  
  15  0:37  Gateway  
  15  0:41  Probe  
  16  0:48  Assimilator  
  17  0:51  Probe  
  17  0:56  Assimilator  
  18  0:59  Probe  
  19  1:07  Probe, Gateway  
  20  1:18  Probe  
  20  1:24  Cybernetics Core  
  21  1:30  Probe  
  22  1:34  Pylon  
  22  1:42  Probe, Warp Gate  
  23  2:01  Stalker x2  
  28  2:11  Pylon  
  27  2:31  Stalker x2  
  31  2:49  Nexus  
  31  3:01  Stalker  
  33  3:05  Stalker  
  35  3:13  Pylon  
  35  3:15  Probe  
  36  3:29  Robotics Facility  
  37  3:40  Shield Battery  
  37  3:46  Sentry, Stalker  
  40  3:48  Probe  
  41  4:00  Probe  
  40  4:18  Probe, Stalker x2  
  40  4:20  Observer  
  42  4:26  Probe  
  42  4:28  Probe  
  44  4:34  Probe, Immortal  
  43  4:40  Probe  
  43  4:42  Sentry x2  
  43  4:45  Probe  
  50  4:52  Forge  
  51  4:55  Probe, Phoenix  
  51  4:57  Probe  
  53  5:06  Pylon  
  53  5:07  Probe  
  53  5:08  Warp Prism  
  53  5:10  Probe  
  53  5:11  Sentry  
  60  5:30  Pylon  
  60  5:32  Shield Battery  
  60  5:34  Zealot  
  61  5:36  Shield Battery  
  61  5:37  Immortal  
  65  5:51  Shield Battery  
  65  5:52  Adept  
  67  5:57  Pylon  
  67  6:00  Zealot  
  71  6:19  Adept  
  67  6:29  Stalker  
Tags
 
Add a new tag
Caveats
  • Supply blocks, unpowered buildings, or Contaminate may cause inaccurate times.
  • Supply counts are checked every 10 seconds.